 Dungeon Crawl Stone Soup version 0.14-a0-2017-g4a4604d (webtiles) character file.

161 M4edhros the Sneak (level 4, -1/28 HPs)
             Began as an Octopode Wanderer on Jan 18, 2014.
             Slain by a gnoll
             ... wielding a +2,+2 flail of protection
              (11 damage)
             ... on Level 4 of the Dungeon.
             The game lasted 00:02:22 (1557 turns).

M4edhros the Sneak (Octopode Wanderer)              Turns: 1557, Time: 00:02:22

HP  -1/28        AC  1     Str 12      XL: 4   Next: 42%
MP   6/6         EV 11     Int 13      God:
Gold 80          SH  7     Dex 14      Spells:  1 memorised,  4 levels left

rFire  . . .     SeeInvis .     b - +0 spear
rCold  . . .     Clarity  .     h - +0 buckler
rNeg   . . .     Conserve .     (helmet restricted)
rPois  .         rCorr    .     (no amulet)
rElec  .         rRot     .     k - +2 ring of dexterity
SustAb . .       Spirit   .     (no ring)
rMut   .         Warding  .     (no ring)
Saprov . . .     Stasis   .     (no ring)
MR     .....                    (no ring)
                                (no ring)
                                (no ring)
                                (no ring)

@: not resistant to hostile enchantments, very stealthy
A: almost no armour, amphibious, 8 rings, constrict 8, camouflage 1, gelatinous
body 1
a: no special abilities


You were on level 4 of the Dungeon.
You were hungry.

You visited 1 branch of the dungeon, and saw 4 of its levels.

You collected 80 gold pieces.

Inventory:

Hand weapons
 b - a +0,+0 spear (weapon)
 d - a +0,+0 dagger
Armour
 h - a +0 buckler (worn)
Comestibles
 f - 2 bread rations
 g - a pear
 i - 15 grapes
Scrolls
 a - a scroll of fear
 c - 2 scrolls of identify {unknown}
 e - a scroll of remove curse {unknown}
 l - a scroll of amnesia {unknown}
Jewellery
 j - an uncursed amulet of resist corrosion {unknown}
 k - a +2 ring of dexterity (left tentacle)
Potions
 m - 2 potions of curing
 n - a potion of heal wounds


   Skills:
 - Level 1.0 Fighting
 - Level 2.0 Dodging
 + Level 6.4 Stealth
 - Level 1.0 Spellcasting
   Level 2.0 Translocations
   Level 2.0 Invocations


You had 4 spell levels left.
You knew the following spells:

 Your Spells              Type           Power        Failure   Level  Hunger
a - Flame Tongue          Conj/Fire      #....        38%         1    ##.....


Dungeon Overview and Level Annotations

Branches:
Dungeon (4/16)
 Temple: D:4-7

Altars:

Annotations:
D:4 M4edhros' ghost, average OpWn


Innate Abilities, Weirdness & Mutations

You cannot wear most types of armour.
You are amphibious.
You can wear up to eight rings at the same time.
You can use your tentacles to constrict many enemies at once.
Your skin changes colour to match your surroundings (Stlth).
Your rubbery body absorbs attacks (AC +1).


Message History

The gnoll is heavily wounded.
You constrict the gnoll, but do no damage.
The gnoll closely misses you.
You hit the gnoll.
The gnoll is severely wounded.
You constrict the gnoll. You block the gnoll's attack.
You hit the gnoll but do no damage. You squeeze the gnoll.
You kill the gnoll!
You hit the gnoll but do no damage. You grab the gnoll.
You constrict the gnoll.
The gnoll picks up a runed flail.
The gnoll wields a runed flail.
The gnoll hits you with a runed flail!
Ouch! That really hurt!
You hit the gnoll but do no damage.
The gnoll is lightly wounded.
You constrict the gnoll, but do no damage.
You hit the gnoll but do no damage.
The gnoll is lightly wounded.
You constrict the gnoll, but do no damage.
The gnoll hits you with a runed flail!
You die...

................
#......#...g#g..
#......#....#...
#......#....#...
#......#....#...
#......#....##.#
#..........<....
###.#.####....<.#....##.#
........@g......#....#...
###.#.#####.....#....#.p.
#######....#...
......#... #......?..
....##... . .... ...


You could see a gnoll.

Vanquished Creatures
  An adder (D:3)
  3 gnolls
  A worm (D:3)
  A giant mite (D:1)
  2 orcs (D:3)
  5 bats
  3 goblins
  4 hobgoblins
  4 jackals (D:3)
  5 kobolds
  A ball python (D:3)
  2 giant newts (D:1)
  A goblin skeleton (D:4)
33 creatures vanquished.

Notes
Turn   | Place    | Note
--------------------------------------------------------------
     0 | D:1      | M4edhros, the Octopode Wanderer, began the quest for the Orb.
     0 | D:1      | Reached XP level 1. HP: 13/13 MP: 3/3
    34 | D:1      | Reached skill level 4 in Stealth
    34 | D:1      | Reached XP level 2. HP: 4/18 MP: 4/4
   377 | D:1      | Reached XP level 3. HP: 23/23 MP: 5/5
   588 | D:1      | Reached skill level 5 in Stealth
  1054 | D:4      | Noticed M4edhros' ghost (average OpWn)
  1247 | D:3      | Reached XP level 4. HP: 19/28 MP: 6/6
  1487 | D:3      | Reached skill level 6 in Stealth
  1557 | D:4      | Slain by a gnoll

Action                   |  1- 3 |  4- 6 || total
-------------------------+-------+-------++-------
Melee: Spear             |    56 |    29 ||    85
  Use: Potion            |     2 |       ||     2
 Stab: Sleeping          |    13 |     2 ||    15
